 Dungeon Crawl Stone Soup version 0.31-a0-198-g2ad674f65e (webtiles) character file.

Game seed: 16777032586919844272

2746 qw the Skirmisher (level 9, -1/51 HPs)
             Began as a Deep Elf Hunter on June 25, 2023.
             Was an Initiate of Okawaru.
             Slain by an orc warrior
             ... wielding a +0 trident
              (5 damage)
             ... on level 7 of the Dungeon.
             The game lasted 00:01:53 (4354 turns).

qw the Skirmisher (Deep Elf Hunter)                 Turns: 4354, Time: 00:01:53

Health: -1/51      AC:  7    Str: 16    XL:     9   Next: 41%
Magic:  3/3        EV: 17    Int: 15    God:    Okawaru [......]
Gold:   141        SH:  0    Dex: 24    Spells: 8/8 levels left

rFire   . . .        c - +10 longbow "Alausumm" {antimagic, Str+4}
rCold   + . .        (shield currently unavailable)
rNeg    . . .        k - +0 acid dragon scales
rPois   .            (no helmet)
rElec   .            (no cloak)
rCorr   +            (no gloves)
SInv    .            a - +0 pair of boots
Will    .....        (no amulet)
Stlth   ++           d - ring of protection from cold
HPRegen 0.28/turn    h - +6 ring of dexterity
MPRegen 0.08/turn

%: no passive effects
@: no status effects
A: no striking features
a: Renounce Religion


You were on level 7 of the Dungeon.
You worshipped Okawaru.
Okawaru was noncommittal.
You visited 2 branches of the dungeon, and saw 8 of its levels.
You also visited: Ossuary.

You collected 257 gold pieces.
You spent 116 gold pieces at shops.


   Skills:
 - Level 3.3 Fighting
 + Level 14.8 Ranged Weapons
 - Level 1.0 Armour
 - Level 7.3 Dodging
 - Level 1.2 Stealth


You had 8 spell levels left.
You didn't know any spells.
Your spell library was empty.

Inventory:

Hand Weapons
 c - the +10 longbow "Alausumm" (weapon) {antimagic, Str+4}
   (You acquired it on level 3 of the Dungeon)

   Str:       It affects your strength (+4).
Armour
 a - a +0 pair of boots (worn)
 k - +0 acid dragon scales (worn)
Jewellery
 d - a ring of protection from cold (left hand)
 h - a +6 ring of dexterity (right hand)
Scrolls
 g - 2 scrolls of identify
 i - 3 scrolls of teleportation
 l - 2 scrolls of enchant weapon
Potions
 b - 4 potions of heal wounds
 f - a potion of enlightenment
 j - 4 potions of curing
 m - a potion of cancellation

Dungeon Overview and Level Annotations

Branches:
Dungeon (7/15)             Temple (1/1) D:6         Ossuary (visited)

Altars:
Ashenzari
Dithmenos
Elyvilon
Fedhas
Gozag
Hepliaklqana
Kikubaaqudgha
Okawaru
Qazlal
Ru
Sif Muna
Trog
Uskayaw
Vehumet
Wu Jian
Yredelemnul
Zin

Shops:
D:4 ?=(!(   D:7 =(


Message History

Enter note: You shoot an arrow.
The ufetubus shouts!
The arrow hits the orc!!
You kill the orc!
Okawaru accepts your kill.
The orc warrior hits you from afar with a +0 trident!
A white imp comes into view.
You shoot an arrow. The arrow hits the orc warrior!!
The orc warrior is almost dead.
An orc comes into view. It is wielding a +0 club.
The orc warrior hits you from afar with a +0 trident.
The white imp grins evilly.
A white imp comes into view.
You shoot an arrow.
The white imp shouts, "Get thee gone, thou droning clay-brained gnoll-tail!"
The arrow hits the orc warrior.
The orc warrior is almost dead.
The orc warrior closely misses you.
You shoot an arrow.
The arrow closely misses the orc warrior.
The arrow hits the orc wizard!!
You kill the orc wizard!
Okawaru accepts your kill. The orc warrior misses you.
The orc hits you but does no damage.
The orc warrior hits you from afar with a +0 trident.
You shoot an arrow.
The arrow completely misses the orc warrior.
The arrow hits the white imp!
You kill the white imp!
Okawaru accepts your kill.
The orc warrior hits you with a +0 dire flail!
The orc hits you with a +0 whip.
The orc warrior hits you from afar with a +0 trident!
You shoot an arrow. The arrow hits the orc warrior!!
The orc warrior is almost dead.
The orc warrior hits you with a +0 dire flail!
The orc barely misses you.
The orc warrior hits you from afar with a +0 trident.
You die...

## ... .##
#. ...
...###. ..#
....... ...
#......###.5
#...o...##
#.o.o..##..
#@o$5....
#...##...
#####


You could see 2 orc warriors, a white imp, 2 orcs and an ufetubus.

Vanquished Creatures
  A wraith (Ossuary)
  Eustachio (D:5)
  A water moccasin (D:7)
  An acid dragon (D:5)
  3 ice beasts
  2 black bears
  2 hornet zombies (D:6)
  A centaur (D:5)
  A kobold brigand (D:6)
  A phantom (D:5)
  3 scorpions
  A water moccasin zombie (D:6)
  10 wights
  A howler monkey (D:5)
  2 bullfrog zombies (D:6)
  3 hounds
  A jelly (D:6)
  An orc priest (D:6)
  4 iguanas
  An orc wizard (D:7)
  A mummy (Ossuary)
  A howler monkey zombie (D:6)
  3 gnolls (D:5)
  5 adders
  3 shadow imps
  A white imp (D:7)
  3 ufetubi (D:7)
  7 worms
  4 dart slugs
  7 orcs
  5 endoplasms
  6 giant cockroaches
  7 hobgoblins
  4 jackals (D:4)
  8 kobolds
  A quokka (D:5)
  6 ball pythons
  7 bats
  2 frilled lizards
  5 gnoll skeletons (Ossuary)
  8 goblins
  8 kobold skeletons (Ossuary)
  12 orc skeletons (Ossuary)
  3 rats
158 creatures vanquished.

Notes
Turn   | Place    | Note
-------+----------+-------------------------------------------
     0 | D:1      | qw the Deep Elf Hunter began the quest for the Orb.
     0 | D:1      | Reached XP level 1. HP: 12/12 MP: 3/3
     0 | D:1      | 0 ||| qw: Version: 0.3-a-22-g0ed2b0b
     0 | D:1      | 0 ||| qw: Game counter: 5454
     0 | D:1      | 0 ||| qw: Melee chars always use a shield: true
     0 | D:1      | 0 ||| qw: God list: Okawaru
     0 | D:1      | 0 ||| qw: Allow faded altars: false
     0 | D:1      | 0 ||| qw: Do Orc after clearing Dungeon:15 true
     0 | D:1      | 0 ||| qw: Do second Lair branch before Depths: true
     0 | D:1      | 0 ||| qw: Lair rune preference: random
     0 | D:1      | 0 ||| qw: Goals: Normal
     0 | D:1      | 0 ||| PLANNING D:1-11
    76 | D:1      | Reached XP level 2. HP: 16/16 MP: 4/4
   100 | D:1      | Reached skill level 6 in Ranged Weapons
   364 | D:1      | 364 ||| UPGRADING to +0 ring mail.
   374 | D:1      | 374 ||| DROPPING +0 leather armour.
   375 | D:1      | 375 ||| UPGRADING to ring of protection from cold.
   376 | D:1      | 376 ||| UPGRADING to +6 ring of dexterity.
   377 | D:1      | 377 ||| READING scroll labelled ANUCEUNOSI.
   378 | D:1      | 378 ||| READING 4 scrolls labelled XEWNYI IWNUQE.
   379 | D:1      | 379 ||| DROPPING scroll of butterflies.
   420 | D:2      | Reached XP level 3. HP: 20/20 MP: 5/5
   571 | D:2      | Reached skill level 7 in Ranged Weapons
   910 | D:2      | Found a faded altar of an unknown god.
  1112 | D:2      | 1112 ||| UPGRADING to +0 pair of boots.
  1117 | D:2      | 1117 ||| READING scroll labelled ARRAKHACZY.
  1118 | D:2      | 1118 ||| READING 4 scrolls of identify.
  1118 | D:2      | 1118 ||| IDENTIFYING golden potion
  1222 | D:3      | 1222 ||| READING scroll of enchant weapon.
  1222 | D:3      | 1222 ||| ENCHANTING +1 shortbow.
  1300 | D:3      | Reached XP level 4. HP: 25/25 MP: 6/6
  1331 | D:3      | Found a hazy altar of Hepliaklqana.
  1369 | D:3      | Found a shimmering blue altar of Sif Muna.
  1804 | D:3      | 1804 ||| READING scroll labelled FIEFOFU XUAFO.
  1805 | D:3      | 1805 ||| READING scroll labelled CAJI QERRANI.
  1809 | D:3      | 1809 ||| READING scroll labelled QIACSELLOA.
  1809 | D:3      | Identified a scroll of acquirement
  1809 | D:3      | 1809 ||| ACQUIRING +10 longbow "Alausumm" {antimagic,
                  | Str+4}
  1809 | D:3      | Acquired the +10 longbow "Alausumm" {antimagic, Str+4}
  1811 | D:3      | 1811 ||| SWAPPING to +10 longbow "Alausumm" {antimagic,
                  | Str+4}.
  1812 | D:3      | 1812 ||| DROPPING +2 shortbow.
  1813 | D:3      | 1813 ||| DRINKING 2 orange potions.
  1814 | D:3      | 1814 ||| READING 4 scrolls of identify.
  1814 | D:3      | 1814 ||| IDENTIFYING coppery potion
  1815 | D:3      | 1815 ||| DROPPING potion of attraction.
  1845 | D:4      | 1845 ||| PLANNING OSSUARY
  1852 | D:4      | Found Susashun's Jewellery Shoppe.
  1855 | D:4      | 1855 ||| SHOPLISTING +6 ring of dexterity (396 gold, have
                  | 99).
  1855 | D:4      | 1855 ||| SHOPLISTING amulet of reflection (330 gold, have
                  | 99).
  1855 | D:4      | 1855 ||| SHOPLISTING amulet of regeneration (330 gold, have
                  | 99).
  1855 | D:4      | 1855 ||| SHOPLISTING ring of willpower (275 gold, have 99).
  1878 | D:4      | Reached skill level 8 in Ranged Weapons
  1881 | D:4      | Found a radiant altar of Vehumet.
  1890 | D:4      | Found Limuj's Distillery.
  1899 | D:4      | 1899 ||| BUYING potion of curing (33 gold).
  1899 | D:4      | Bought a potion of curing for 33 gold pieces
  1899 | D:4      | 1899 ||| BUYING potion of enlightenment (55 gold).
  1899 | D:4      | Bought a potion of enlightenment for 55 gold pieces
  1899 | D:4      | 1899 ||| SHOPLISTING potion of haste (110 gold, have 20).
  1899 | D:4      | 1899 ||| SHOPLISTING potion of heal wounds (55 gold, have
                  | 20).
  1899 | D:4      | 1899 ||| SHOPLISTING potion of mutation (88 gold, have 20).
  1923 | D:4      | Found Gibbio's Weapon Shoppe.
  1977 | D:4      | Found Sisaneut's Weapon Shop.
  2014 | D:4      | Found a hide-covered altar of Uskayaw.
  2017 | D:4      | Found an ancient bone altar of Kikubaaqudgha.
  2087 | D:4      | You fall into a shaft and drop 1 floor!
  2087 | D:5      | Entered Level 5 of the Dungeon
  2089 | D:5      | 2089 ||| READING scroll labelled DEQEAR JASYNNI.
  2119 | D:4      | Reached XP level 5. HP: 29/29 MP: 2/7
  2138 | D:4      | Reached skill level 3 in Dodging
  2216 | D:4      | Found Vantum's Magic Scroll Shoppe.
  2219 | D:4      | 2219 ||| BUYING scroll of identify (28 gold).
  2219 | D:4      | Bought a scroll of identify for 28 gold pieces
  2219 | D:4      | 2219 ||| SHOPLISTING scroll of identify (28 gold, have 8).
  2219 | D:4      | 2219 ||| SHOPLISTING scroll of teleportation (42 gold, have
                  | 8).
  2286 | D:4      | Found a sand-covered staircase.
  2294 | Ossuary  | Entered an ossuary
  2294 | Ossuary  | Noticed a wraith
  2294 | Ossuary  | Noticed a wraith
  2294 | Ossuary  | Noticed a wraith
  2336 | Ossuary  | Noticed a wraith
  2339 | Ossuary  | Killed a wraith
  2340 | Ossuary  | Reached skill level 9 in Ranged Weapons
  2340 | Ossuary  | Reached XP level 6. HP: 20/34 MP: 2/8
  2504 | Ossuary  | 2504 ||| READING scroll labelled ZEOPPA ZODA.
  2505 | Ossuary  | 2505 ||| READING scroll labelled RUTHRI NAXIMOI.
  2506 | Ossuary  | 2506 ||| READING scroll labelled FEF DUGAEXAQESH.
  2607 | Ossuary  | 2607 ||| READING scroll labelled UMPASHR SYXOIRPH.
  2608 | Ossuary  | 2608 ||| READING scroll labelled EMEHED IQUIWI.
  2609 | Ossuary  | 2609 ||| READING 5 scrolls of identify.
  2609 | Ossuary  | 2609 ||| IDENTIFYING white potion
  2610 | Ossuary  | 2610 ||| READING 4 scrolls of identify.
  2610 | Ossuary  | 2610 ||| IDENTIFYING bubbling puce potion
  2611 | Ossuary  | 2611 ||| READING 3 scrolls of identify.
  2611 | Ossuary  | 2611 ||| IDENTIFYING dark potion
  2612 | Ossuary  | 2612 ||| DROPPING potion of degeneration.
  2613 | Ossuary  | 2613 ||| DROPPING potion of brilliance.
  2621 | D:4      | 2621 ||| PLANNING D:1-11
  2756 | D:5      | Reached skill level 10 in Ranged Weapons
  2762 | D:5      | 2762 ||| Stepping ~*~*~tactically~*~*~ (outnumbered).
  2770 | D:5      | Reached XP level 7. HP: 22/40 MP: 3/9
  2781 | D:5      | Reached skill level 1 in Armour
  2939 | D:5      | Noticed Eustachio
  2941 | D:5      | Killed Eustachio
  2942 | D:5      | Reached skill level 11 in Ranged Weapons
  2991 | D:5      | Reached skill level 12 in Ranged Weapons
  2997 | D:5      | Reached XP level 8. HP: 44/44 MP: 3/10
  3326 | D:5      | Found a bloodstained altar of Trog.
  3347 | D:5      | 3347 ||| UPGRADING to +0 acid dragon scales.
  3357 | D:5      | 3357 ||| DROPPING +0 ring mail.
  3358 | D:5      | 3358 ||| DRINKING 2 clear potions.
  3392 | D:5      | 3392 ||| DROPPING potion of lignification.
  3427 | D:6      | Reached skill level 3 in Fighting
  3430 | D:6      | Reached skill level 6 in Dodging
  3436 | D:6      | Found a blossoming altar of Fedhas.
  3439 | D:6      | Found a stormy altar of Qazlal.
  3492 | D:6      | Reached skill level 13 in Ranged Weapons
  3617 | D:6      | Found a basalt altar of Yredelemnul.
  3622 | D:6      | Reached XP level 9. HP: 27/51 MP: 3/11
  3758 | D:6      | Reached skill level 14 in Ranged Weapons
  3765 | D:6      | 3765 ||| FLEEEEING.
  3871 | D:6      | Found an ornate altar of the Wu Jian Council.
  3923 | D:6      | Found a staircase to the Ecumenical Temple.
  3924 | D:6      | 3924 ||| PLANNING TEMPLE
  3927 | Temple   | Entered the Ecumenical Temple
  3989 | Temple   | 3989 ||| PLANNING OKAWARU WORSHIP
  4044 | Temple   | Became a worshipper of Warmaster Okawaru
  4045 | Temple   | 4045 ||| PLANNING D:1-11
  4205 | D:7      | Found Qunuopt's Jewellery Shoppe.
  4214 | D:7      | 4214 ||| SHOPLISTING +4 ring of protection (432 gold, have
                  | 131).
  4214 | D:7      | 4214 ||| SHOPLISTING +6 ring of dexterity (432 gold, have
                  | 131).
  4214 | D:7      | 4214 ||| SHOPLISTING amulet "Zizets" {Spirit rF- Will+
                  | Regen+ rCorr} (494 gold, have 131).
  4214 | D:7      | 4214 ||| SHOPLISTING amulet of faith (480 gold, have 131).
  4235 | D:7      | Found Ycreenuu's Weapon Shoppe.
  4239 | D:7      | 4239 ||| SHOPLISTING +1 shortbow of freezing (136 gold,
                  | have 131).
  4354 | D:7      | HP: 4/51 [orc warrior/+0 dire flail (10)]
  4354 | D:7      | Slain by an orc warrior

Levels and vault maps discovered:
D:1:      saegor_arrival_simple_e, layout_rooms
D:2:      layout_loops_ring, dilly_ecumenical_altar_fadedgnrine
D:3:      layout_basic, nicolae_sif_muna_condensation,
          worldfamousw_hep_ancestral_shrine
D:4:      layout_rooms, mainiacjoe_overflow_alcove_4, nicolae_overflow_squiral,
          chequers_ossuary_entry_cave, serial_shops, shop, kennysheep_mini,
          nicolae_shop_back_alley_shop, nicolae_shop_rolled_up, shop
D:5:      layout_loops_ring, trog_book, uniq_eustachio
D:6:      layout_rooms, grunt_temple_overflow_forces_of_nature,
          nzn_wu_jian_contemplation, nicolae_yredelemnul_corpse_copse,
          minmay_temple_entry_glassed_door
D:7:      layout_cave_pools, grunt_temple_overflow_champion_of_chaos,
          serial_demonic, serial_demonic_b, serial_demonic_f, serial_demonic_f,
          serial_demonic_a, serial_shops, nicolae_shop_back_alley_shop,
          nicolae_shop_just_a_little_nook, enter_bailey_3, worms_lemuel,
          uniq_crazy_yiuf_cottage, uniq_prince_ribbit1, uniq_maggie
Temple:   hellmonk_temple_beads

Skill      XL: |  1  2  3  4  5  6  7  8  9 |
---------------+----------------------------+-----
Ranged Weapons | 6 7 8 9 10 12 13 14 | 14.8
Dodging        | 3 4 6 7 |  7.3
Fighting       | 2 3 |  3.3
Armour         | 1 |  1.0
Stealth        | |  1.2

Action                     |  1- 3 |  4- 6 |  7- 9 || total
---------------------------+-------+-------+-------++-------
   Fire: Shortbow          |   103 |    23 |       ||   126
         Longbow           |       |    81 |   141 ||   222
    Use: Scroll            |     5 |    13 |       ||    18
         Potion            |       |     1 |     1 ||     2
 Armour: Ring mail         |    10 |     2 |       ||    12
         Acid dragon scale |       |       |     5 ||     5
  Dodge: Dodged            |    17 |     9 |    20 ||    46

Table legend:
 A = Non-vault XP
 B = Vault XP
 C = Vault XP percentage of total XP
 D = Non-vault monster count
 E = Vault monster count
 F = Vault count percentage of total count
                 A         B        C        D         E       F
            +---------+---------+-------+---------+---------+-------
      Total |    2994 |     930 |  23.7 |     118 |      40 |  25.3
            +---------+---------+-------+---------+---------+-------
        D:1 |      27 |       0 |   0.0 |      17 |       0 |   0.0
        D:2 |      61 |       0 |   0.0 |      18 |       0 |   0.0
        D:3 |      48 |       0 |   0.0 |      17 |       0 |   0.0
        D:4 |     105 |       0 |   0.0 |      16 |       0 |   0.0
        D:5 |    1003 |     182 |  15.4 |      18 |       1 |   5.3
        D:6 |    1072 |     446 |  29.4 |      23 |       6 |  20.7
        D:7 |     678 |      58 |   7.9 |       9 |       6 |  40.0
    Ossuary |       0 |     244 | 100.0 |       0 |      27 | 100.0
            +---------+---------+-------+---------+---------+-------
